 Dungeon Crawl Stone Soup version 0.18-a0-1577-gf591c28 (webtiles) character file.

37 namelastname112 the Ducker (level 3, 6/17 HPs)
             Began as a Felid Chaos Knight on Mar 19, 2016.
             Quit the game on level 3 of the Dungeon.
             The game lasted 00:02:58 (1799 turns).

namelastname112 the Ducker (Felid Chaos Knight)     Turns: 1799, Time: 00:02:58

Health: 6/17       AC:  1    Str:  8    XL:     3   Next: 23%
Magic:  4/4        EV: 19    Int: 16    God:    Xom [..*...]
Gold:   90         SH:  0    Dex: 15    Spells: 0 memorised, 2 levels left
                                        Lives:  0   Deaths: 1

rFire  . . .     SeeInvis +       - Unarmed
rCold  . . .     Gourm    .     (armour unavailable)
rNeg   . . .     Faith    .     (shield unavailable)
rPois  .         Spirit   .     (helmet unavailable)
rElec  .         Dismiss  .     (cloak unavailable)
rCorr  .         Reflect  .     (gloves unavailable)
SustAt .         Harm     .     (boots unavailable)
MR     .....                    (no amulet)
Stlth  +++.......               (no ring)
                                (no ring)

@: quick, not resistant to hostile enchantments, fairly stealthy
A: no armour, no weapons or thrown items, claws 1, fangs 3, see invisible,
carnivore 3, clever 1, speed 1, shaggy fur 1, slow metabolism 1, sharp paws
a: Renounce Religion


You were on level 3 of the Dungeon.
You worshipped Xom.
You were a toy of Xom.
You were not hungry.

You visited 1 branch of the dungeon, and saw 3 of its levels.

You collected 90 gold pieces.

Inventory:

Scrolls
 f - a scroll of magic mapping {unknown}
 h - a scroll of remove curse {unknown}
 i - a scroll of recharging {unknown}
 k - 2 scrolls of enchant armour {unknown}
 l - a scroll of identify {unknown}
Potions
 b - a potion of curing {unknown}
 c - a potion of flight {unknown}
 e - a potion of beneficial mutation
 j - a potion of cancellation {unknown}
Comestibles
 a - 2 meat rations


   Skills:
 + Level 3.6 Fighting
 + Level 3.9 Dodging
 + Level 2.4 Stealth
 * Level 3.8 Unarmed Combat


You had 2 spell levels left.
You didn't know any spells.

Dungeon Overview and Level Annotations

Branches:
Dungeon (3/15)

Altars:


Innate Abilities, Weirdness & Mutations

You cannot wear armour.
You are incapable of wielding weapons or throwing items.
You have sharp claws.
You have razor-sharp teeth.
You have supernaturally acute eyesight.
You are carnivorous and can eat meat at any time.
You cover ground quickly.
You are covered in fur (AC +1).
You have a slow metabolism.
Your sharp claws are effective at attacking unaware monsters.
Your mind is acute. (Int +2)


Message History

A hobgoblin comes into view. It is wielding a club.
A hobgoblin is nearby!
A hobgoblin is nearby!
You see here a scroll labeled OFAIHU NAKHLOI.
A worm comes into view.
The helpless hobgoblin fails to defend itself.
You mangle the hobgoblin!!
You kill the hobgoblin!
The worm bites you!
Ouch! That really hurt!
* * * LOW HITPOINT WARNING * * *
You are too injured to fight recklessly!
You are too injured to fight recklessly!
You are too injured to fight recklessly!
You scratch the worm.
The worm is moderately wounded.
You scratch the worm but do no damage.
The worm is moderately wounded.
The worm misses you.
Are you sure you want to abandon this character and quit the game? (Confirm with "yes".)

#.# #.# #.#
#.# #.# #.#
#w# #@# #.#
####.#
#..).######.
#.###........
# #..?#######
#.#.<..##
#......#
##....##


You could see a worm.

Vanquished Creatures
  Terence (D:2)
  An adder (D:2)
  An ooze (D:1)
  2 dart slugs (D:2)
  5 goblins
  7 hobgoblins
  4 jackals
  4 kobolds (D:1)
  2 ball pythons
  4 bats
  6 giant newts
  7 rats
44 creatures vanquished.

Notes
Turn   | Place    | Note
--------------------------------------------------------------
     0 | D:1      | namelastname112 the Felid Chaos Knight began the quest for the Orb.
     0 | D:1      | Reached XP level 1. HP: 10/10 MP: 2/2
   193 | D:1      | Reached XP level 2. HP: 14/14 MP: 3/3
   382 | D:1      | XOM: butterfly on damage
   383 | D:1      | Reached skill level 1 in Stealth
   616 | D:1      | XOM: silly message
   657 | D:1      | XOM: harmless Summ miscast
  1037 | D:2      | Reached XP level 3. HP: 14/17 MP: 4/4
  1071 | D:2      | Noticed Terence
  1098 | D:2      | XOM: noise
  1101 | D:2      | Killed Terence
  1417 | D:2      | Reached XP level 4. HP: 21/21 MP: 5/5
  1509 | D:2      | XOM: colour smoke trail
  1754 | D:3      | XOM is BORED!
  1754 | D:3      | XOM: noise
  1768 | D:3      | Gained mutation: Your mind is acute. (Int +2) [potion of beneficial mutation]
  1769 | D:3      | HP: 1/21 [adder (4)]
  1770 | D:3      | Succumbed to an adder's poison
  1771 | D:3      | Reached XP level 3. HP: 0/17 MP: 4/4
  1799 | D:3      | Quit the game

Vault maps used:
D:1:      dpeg_arrival_pits, minmay_stone_trees_small, st_stairs_8
D:2:      uniq_terence
D:3:      elyvilon_altar_3, kennysheep_generic_room_15

Skill      XL: |  1  2  3 |
---------------+----------+-----
Stealth        | 1 2 |  2.4
Fighting       | |  3.6
Dodging        | |  3.9
Unarmed Combat | |  3.8

Action                   |  1- 3 |  4- 6 || total
-------------------------+-------+-------++-------
Melee: Unarmed           |   100 |    34 ||   134
  Use: Potion            |       |     3 ||     3
 Stab: Sleeping          |     6 |     2 ||     8
  Eat: Chunk             |     6 |       ||     6
